Map: 드림캐처 - 래더

Players

FanTaSy - Winner!

  • Race: Terran Terran
  • League: Diamond
  • Spawn Location: 11:00

LiquidMaNa (MaNa)

  • Race: Protoss Protoss
  • League: Grandmaster
  • Spawn Location: 5:00

Event: HomeStory Cup XVII

VOD

Have the link to the VOD?

Description

Time

  • Played on: June 30, 2018, 8:42 a.m.
  • Length: 10:27

All games in this series

Show
View Real Time Build Order
Export as new Build Order

FanTaSy Terran - Winner!

Build Orders: Gas First Reaper Expand, Reaper Expand, MMM Bio, Banshee Rush 

Get SALT Encoding   

  12  0:00  SCV  
  13  0:12  SCV  
  14  0:17  Supply Depot  
  14  0:24  SCV  
  15  0:29  Refinery  
  15  0:39  SCV  
  16  0:44  Barracks  
  16  0:51  SCV  
  17  1:03  SCV  
  18  1:15  SCV  
  19  1:31  Orbital Command  
  19  1:32  Reaper  
  20  1:44  Command Center  
  20  1:54  Factory  
  20  1:58  SCV  
  21  2:04  Refinery  
  21  2:07  Barracks Reactor  
  20  2:12  SCV  
  21  2:17  Supply Depot  
  21  2:24  SCV  
  22  2:37  SCV  
  23  2:39  Starport  
  23  2:41  Widow Mine  
  23  2:44  Marine  
  26  2:45  Marine  
  27  2:54  SCV  
  28  3:01  Marine  
  28  3:03  Marine, Factory Tech Lab  
  28  3:04  SCV  
  31  3:07  SCV  
  32  3:19  Marine  
  32  3:21  Orbital Command, Marine  
  32  3:24  SCV  
  29  3:38  SCV  
  29  3:40  Cloaking Field  
  30  3:43  Banshee  
  30  3:47  Marine  
  30  3:48  Marine  
  35  3:51  SCV  
  35  3:53  SCV  
  37  4:01  Factory Tech Lab  
  37  4:03  SCV  
  37  4:05  SCV  
  37  4:08  Supply Depot  
  37  4:09  Marine x2  
  41  4:15  SCV  
  42  4:17  SCV  
  42  4:22  Siege Tank  
  46  4:28  SCV  
  46  4:29  Marine x2, Banshee  
  46  4:30  Engineering Bay, SCV  
  50  4:40  SCV  
  50  4:42  SCV  
  52  4:47  Barracks  
  52  4:49  Barracks  
  52  4:50  Marine x2  
  54  4:56  Refinery  
  54  5:03  Supply Depot  
  54  5:08  Liberator  
  54  5:21  Supply Depot  
  54  5:25  Marine x2, SCV x2  
  61  5:28  Bunker, Siege Tank  
  61  5:37  SCV  
  61  5:42  Supply Depot, Marine x2, SCV, Terran Infantry Weapons Level 1  
  63  5:44  Barracks Tech Lab  
  63  5:46  Barracks Tech Lab  
  63  5:49  SCV  
  59  5:54  SCV  
  55  6:00  Marine x2  
  55  6:01  SCV  
  55  6:03  Marauder  
  55  6:04  Stimpack, Marauder  
  57  6:05  Siege Tank  
  57  6:06  SCV  
  63  6:11  Missile Turret  
  63  6:14  Missile Turret  
  63  6:17  Combat Shields  
  63  6:18  Marine x2, Starport Reactor  
  64  6:23  Refinery, Barracks x2  
  69  6:33  Marauder x2  
  69  6:36  Marine x2  
  71  6:45  Supply Depot  
  71  6:46  Supply Depot  
  71  6:55  Medivac x2  
  71  6:56  Marine  
  71  6:57  Marauder  
  71  6:59  Factory Reactor  
  78  7:02  Marine  
  74  7:14  Supply Depot  
  74  7:15  Supply Depot  
  74  7:16  SCV x2  
  74  7:21  Marine x2, Marauder x2  
  82  7:25  Command Center  
  82  7:27  Medivac x2  
  82  7:29  SCV x2  
  88  7:38  Marauder, Marine  
  88  7:41  Marine, Marauder  
  88  7:42  Marauder, Concussive Shells  
  96  7:47  SCV x2  
  97  7:55  Terran Infantry Armor Level 1  
  97  7:57  Supply Depot x2  
  97  8:04  Marauder x3  
  97  8:05  Marauder, Marine  
  105  8:08  Marine  
  107  8:17  Widow Mine  
  107  8:19  Widow Mine, Medivac x2  
  115  8:21  SCV x2  
  114  8:35  Marine x3, Marauder x3  
  116  8:42  Widow Mine  
  116  8:43  Widow Mine  
  116  8:44  SCV x2  
  122  8:49  Medivac x2  
  122  8:50  Orbital Command  
  122  8:52  Marine  
  127  8:59  Missile Turret  
  127  9:03  Marauder x3  
  132  9:13  Widow Mine x2  
  132  9:16  SCV x2  
  132  9:17  SCV  
  139  9:19  Medivac  
  136  9:29  Marauder x4, Marine  
  133  9:31  Marine  
  123  9:44  Widow Mine x2  
  125  9:47  Marine  
  125  9:49  Marine  
  125  9:50  Medivac, Marauder  
  125  9:51  Engineering Bay, Armory  
  131  9:53  Medivac  
  133  10:03  Supply Depot, Marauder x3  
  133  10:04  Marine  
Show
View Real Time Build Order
Export as new Build Order

LiquidMaNa Protoss 

Build Orders: Oracle Opening 

Get SALT Encoding   

  12  0:00  Probe  
  13  0:12  Probe  
  14  0:18  Pylon  
  14  0:24  Probe  
  15  0:32  Probe  
  15  0:37  Gateway  
  15  0:42  Probe  
  16  0:43  Assimilator  
  17  0:52  Probe  
  18  1:00  Probe  
  19  1:08  Probe  
  20  1:20  Probe  
  20  1:25  Zealot  
  23  1:27  Cybernetics Core  
  23  1:28  Pylon  
  23  1:53  Stalker  
  23  1:55  Nexus  
  23  2:05  Assimilator  
  23  2:07  Probe  
  26  2:12  Warp Gate  
  25  2:19  Probe  
  26  2:23  Stalker  
  28  2:31  Probe  
  29  2:40  Pylon  
  29  2:43  Probe  
  30  2:56  Probe, Stargate  
  31  3:04  Stalker  
  33  3:08  Probe  
  32  3:14  Probe  
  33  3:20  Probe  
  33  3:26  Probe  
  35  3:29  Oracle  
  35  3:32  Probe  
  34  3:37  Probe  
  38  3:44  Probe  
  38  3:45  Probe  
  39  3:53  Probe  
  39  3:54  Nexus  
  40  3:56  Probe  
  42  4:07  Oracle, Probe  
  42  4:08  Probe  
  47  4:15  Gateway  
  47  4:18  Gateway  
  47  4:19  Probe  
  47  4:20  Probe  
  49  4:31  Probe  
  49  4:32  Probe  
  49  4:37  Oracle  
  54  4:45  Assimilator  
  54  4:46  Twilight Council  
  54  4:47  Assimilator  
  54  4:48  Forge  
  54  4:58  Shield Battery  
  54  5:01  Pylon  
  54  5:03  Shield Battery  
  54  5:06  Probe x2  
  55  5:09  Probe  
  53  5:18  Probe, Stalker x2  
  53  5:19  Stalker  
  53  5:20  Probe  
  58  5:37  Blink  
  58  5:40  Zealot x2  
  58  5:42  Zealot  
  64  5:47  Probe  
  63  5:52  Probe  
  63  5:57  Probe  
  63  5:59  Probe  
  63  6:01  Stalker x2  
  63  6:02  Probe  
  66  6:07  Probe  
  66  6:09  Protoss Ground Armor Level 1, Probe  
  66  6:10  Probe  
  69  6:11  Stalker  
  69  6:15  Probe  
  72  6:18  Probe  
  72  6:21  Probe  
  72  6:22  Pylon  
  75  6:27  Pylon  
  75  6:31  Probe x2  
  77  6:39  Pylon  
  77  6:40  Probe  
  77  6:41  Stalker  
  77  6:42  Sentry  
  77  6:43  Probe  
  77  6:45  Stalker  
  84  6:50  Probe  
  84  6:52  Probe  
  83  7:09  Probe x2  
  83  7:13  Gateway x2  
  85  7:15  Gateway, Zealot x2  
  85  7:18  Gateway  
  85  7:22  Zealot  
  91  7:27  Charge, Robotics Facility  
  91  7:36  Stalker x2  
  95  7:39  Probe x2  
  95  7:42  Pylon  
  95  7:43  Pylon  
  97  7:51  Zealot  
  97  7:54  Robotics Facility  
  97  7:57  Probe  
  97  7:58  Probe  
  101  8:00  Pylon  
  101  8:06  Stalker x2  
  103  8:12  Stalker x3  
  103  8:13  Stalker  
  104  8:22  Cybernetics Core  
  104  8:32  Zealot x2  
  103  8:35  Immortal  
  93  8:44  Zealot x4  
  105  8:48  Photon Cannon  
  105  8:58  Stalker x2  
  105  9:02  Robotics Bay  
  109  9:09  Zealot x4  
  104  9:14  Immortal  
  77  9:33  Stalker x2  
  77  9:34  Zealot x4  
  82  9:53  Stalker x2  
  82  9:54  Zealot  
  82  9:57  Zealot  
  90  10:12  Zealot x3  
Tags
 
Add a new tag
Caveats
  • Supply blocks, unpowered buildings, or Contaminate may cause inaccurate times.
  • Supply counts are checked every 10 seconds.